Match 45317252
Unlisted

Match 45317252
End
Construct Infanterie Kompanie
Pioneer Squad
MG 42 Machine Gun Team
GrW 34 Mortar Team
Grenadier Squad
Grenadier Squad
Construct Luftwaffe Kompanie
Medical Bunker
221 Scout Car
Jäger Squad
Selects Mechanized Battlegroup
Selects Raid Package
Selects StuG Assault Group
Selects Mobile Repair Stations
StuG Assault Group
Construct Panzer Kompanie
T.R. Olvadi
Makros
[PD] Ducktus
Nico-Nico-Nii~~
headake
Black Bow
123
求你了别站起来蹬她
0
0

Comments sign in to comment!

No comments posted yet!